 Dungeon Crawl Stone Soup version 0.20.1-1-g8b1a95d (webtiles) character file.

1509 polve the Changer (level 8, 0/70 HPs)
             Began as a Green Draconian Transmuter on Aug 8, 2017.
             Slain by a gnoll
             ... wielding a +0 flail
              (11 damage)
             ... on level 6 of the Dungeon.
             The game lasted 00:10:02 (7814 turns).

polve the Changer (Green Draconian Transmuter)      Turns: 7814, Time: 00:10:02

Health: 0/70       AC:  2    Str: 12      XL:     8   Next: 53%
Magic:  4/9        EV: 19    Int: 16      God:
Gold:   314        SH:  5    Dex: 16 (17) Spells: 5/11 levels left

rFire    + . .     SeeInvis .     - Unarmed
rCold    . . .     Gourm    .   (shield currently unavailable)
rNeg     . . .     Faith    .   (armour unavailable)
rPois    x         Spirit   .   (helmet currently unavailable)
rElec    .         Reflect  +   (cloak currently unavailable)
rCorr    .         Harm     .   (gloves currently unavailable)
MR       +....                  (boots currently unavailable)
Stlth    ++........             h - +5 amulet of reflection
Regen    0.3/turn               q - ring of protection from fire
MPRegen  0.2/turn               s - ring of protection from magic

@: lethally poisoned (0 -> -1), spider-form
A: (breathe noxious fumes), unfitting armour, low mp 1, AC +6
a: End Transformation


You were on level 6 of the Dungeon.
You were not hungry.
You were a venomous arachnid creature.
You visited 1 branch of the dungeon, and saw 6 of its levels.

You collected 314 gold pieces.

Inventory:

Missiles
 a - 88 arrows (quivered)
Armour
 v - a +0 cloak (melded)
 F - a +0 pair of boots (melded)
Jewellery
 e - an uncursed ring of ice
 h - a +5 amulet of reflection (around neck)
 q - a ring of protection from fire (left front leg)
 s - a ring of protection from magic (right front leg)
Scrolls
 i - a scroll of magic mapping {unknown}
 j - 3 scrolls of teleportation
 m - 2 scrolls of recharging {unknown}
 n - a scroll of noise {unknown}
 o - a scroll of enchant armour {unknown}
 p - a scroll of amnesia {unknown}
 r - 2 scrolls of identify
 t - a scroll of fear {unknown}
 w - a scroll of random uselessness {unknown}
Potions
 d - 3 potions of brilliance
 f - a potion of curing
 g - a potion of haste
 k - a potion of degeneration {unknown}
 u - 2 potions of heal wounds {unknown}
 x - a potion of ambrosia {unknown}
 A - a potion of might {unknown}
 C - 3 potions of magic
Books
 b - a book of Changes

   Spells                             Type                      Level
   a - Beastly Appendage              Transmutation                1
   b - Sticks to Snakes               Transmutation                2
   c - Spider Form                    Transmutation/Poison         3
   d - Ice Form                       Ice/Transmutation            4
   e - Blade Hands                    Transmutation                5
Comestibles
 c - 3 bread rations
 l - 3 royal jellies
 z - a fruit
 B - 2 meat rations


   Skills:
 + Level 6.3 Fighting
 - Level 1.7 Dodging
 - Level 2.0 Stealth
 + Level 6.5 Unarmed Combat
 - Level 2.0 Spellcasting
 - Level 6.7 Transmutations


You had 5 spell levels left.
You knew the following spells:

 Your Spells              Type           Power        Failure   Level  Hunger
a - Beastly Appendage     Tmut           ###...       6%          1    #......
b - Sticks to Snakes      Tmut           ###.....     8%          2    ###....
c - Spider Form           Tmut/Pois      ##........   34%         3    ###....


Dungeon Overview and Level Annotations

Branches:
Dungeon (6/15)
 Temple: D:4-7

Altars:
Elyvilon
Ru
Trog
Uskayaw
Vehumet
Xom
Yredelemnul
The Shining One

Shops:
D:4 :


Innate Abilities, Weirdness & Mutations

((You can breathe blasts of noxious fumes.))
((Your lurid green scales are hard. (AC +6)))
You cannot fit into any form of body armour.
((Your system is resistant to poisons. (rPois)))
((You are cold-blooded and may be slowed by cold attacks.))
((Your flesh is heat resistant. (rF+)))
Your magical capacity is low. (-10% MP)


Message History

You are poisoned.
The killer bee poisons you!
The killer bee is engulfed in noxious fumes.
The killer bee appears confused.
You punch the killer bee!
You kill the killer bee!
You have got your breath back.
You feel sick.
You feel sick.
You closely miss the gnoll. The gnoll hits you with a flail.
* * * LOW HITPOINT WARNING * * *
Casting: Beastly Appendage
Confirm with . or Enter, or press ? or * to list all spells.
Your horns disappear.
You turn into a venomous arachnid creature.
Your +0 cloak melds into your body.
Your +0 pair of boots melds into your body.
You feel sick. The gnoll barely misses you.
You closely miss the gnoll. The gnoll hits you with a flail!
You die...

######.........g.#
..............(..#
............g###.#
.........../## ..
.........†..##.# ##
.........)...<.# .#
............#### .#
............#####.#
...............gs.#
...........)#####.#
............# ..#
......####### ###
.....># ......#
...#### ..## .#


You could see a gnoll.

Vanquished Creatures
  A wyvern (D:4)
  An orc warrior (D:5)
  An ice beast (D:5)
  A black bear (D:6)
  A sky beast (D:5)
  A centaur (D:5)
  2 killer bees (D:6)
  A howler monkey (D:5)
  A quasit (D:5)
  3 orc priests
  A hound (D:5)
  A centaur skeleton (D:4)
  A bullfrog skeleton (D:5)
  5 orc wizards
  Ijyb (D:3)
  2 iguanas (D:5)
  6 worker ants
  A hound zombie (D:5)
  2 gnolls (D:6)
  5 adders
  2 oozes
  An adder skeleton (D:3)
  3 worms (D:3)
  3 dart slugs
  2 leopard geckos
  27 orcs
  A ball python (D:3)
  5 giant cockroaches
  12 goblins
  11 hobgoblins
  10 jackals
  5 quokkas
  7 bats
  7 frilled lizards
  A jackal skeleton (D:6)
  6 kobolds
  A quokka skeleton (D:4)
  A quokka zombie (D:5)
  7 rats
  A plant (D:2)
151 creatures vanquished.

Vanquished Creatures (others)
  A hound (D:4)
1 creature vanquished.

Grand Total: 152 creatures vanquished

Notes
Turn   | Place    | Note
-------+----------+-------------------------------------------
     0 | D:1      | polve the Draconian Transmuter began the quest for the Orb.
     0 | D:1      | Reached XP level 1. HP: 16/16 MP: 3/3
    68 | D:1      | Reached XP level 2. HP: 17/23 MP: 3/5
    76 | D:1      | Learned a level 2 spell: Sticks to Snakes
   282 | D:1      | Found a white marble altar of Elyvilon.
   547 | D:1      | Reached XP level 3. HP: 26/28 MP: 6/6
   580 | D:1      | Learned a level 3 spell: Spider Form
  1178 | D:2      | Found a radiant altar of Vehumet.
  1616 | D:2      | Found a hide-covered altar of Uskayaw.
  1919 | D:3      | Reached XP level 4. HP: 33/35 MP: 7/7
  2522 | D:3      | Reached skill level 5 in Transmutations
  2522 | D:3      | Reached XP level 5. HP: 19/40 MP: 8/8
  3066 | D:3      | HP: 2/40 [orc wizard/dagger (3)]
  3523 | D:3      | Noticed Ijyb
  3536 | D:3      | Killed Ijyb
  3536 | D:3      | Reached XP level 6. HP: 30/47 MP: 6/9
  4819 | D:4      | Found a shimmering altar of Xom.
  5036 | D:4      | Found Kyqud's Book Shop.
  5677 | D:4      | Noticed a wyvern
  5695 | D:4      | Killed a wyvern
  5695 | D:4      | Your scales start taking on a lurid green colour.
  5695 | D:4      | Reached XP level 7. HP: 29/57 MP: 7/10
  5695 | D:4      | Gained mutation: Your system is resistant to poisons. (rPois) [Green Draconian growth]
  6241 | D:5      | Entered Level 5 of the Dungeon
  6753 | D:5      | Found a glowing golden altar of the Shining One.
  6755 | D:5      | Noticed an angel
  6767 | D:5      | Found a basalt altar of Yredelemnul.
  6769 | D:5      | Noticed a profane servitor
  6796 | D:5      | Reached skill level 1 in Stealth
  6796 | D:5      | Reached skill level 5 in Unarmed Combat
  6831 | D:5      | Found a sacrificial altar of Ru.
  7010 | D:5      | Found a bloodstained altar of Trog.
  7031 | D:5      | Reached XP level 8. HP: 25/67 MP: 7/11
  7036 | D:5      | Reached skill level 5 in Fighting
  7047 | D:5      | Gained mutation: You possess an exceptional clarity of mind. [mutagenic meat]
  7048 | D:5      | Gained mutation: Your magical capacity is low. (-10% MP) [mutagenic meat]
  7049 | D:5      | Lost mutation: You possess an exceptional clarity of mind. [mutagenic meat]
  7050 | D:5      | Gained mutation: Your flesh is heat resistant. (rF+) [mutagenic meat]
  7814 | D:6      | Slain by a gnoll

Skill      XL: |  1  2  3  4  5  6  7  8 |
---------------+-------------------------+-----
Transmutations | 3 4 5 6 |  6.7
Fighting       | 3 4 6 |  6.3
Unarmed Combat | 4 5 6 |  6.5
Stealth        | 2 |  2.0
Dodging        | |  1.7
Spellcasting   | |  2.0

Action                   |  1- 3 |  4- 6 |  7- 9 || total
-------------------------+-------+-------+-------++-------
Melee: Unarmed           |   181 |   279 |   200 ||   660
       Tailslap          |    25 |    23 |    17 ||    65
       Kick              |     1 |     4 |     4 ||     9
       Headbutt          |    11 |    18 |     4 ||    33
       Punch             |     1 |     3 |     2 ||     6
 Cast: Beastly Appendage |     7 |    15 |    10 ||    32
       Spider Form       |       |     7 |     5 ||    12
 Abil: Breathe Noxious F |       |       |     4 ||     4
       End Transformatio |       |       |     3 ||     3
  Use: Potion            |       |     1 |     1 ||     2
       Scroll            |       |     3 |     1 ||     4
 Stab: Distracted        |     1 |       |       ||     1
       Sleeping          |     1 |       |       ||     1
       Confused          |       |       |     2 ||     2
  Eat: Chunk             |     3 |    14 |    12 ||    29
Armor: Skin              |    48 |    56 |    69 ||   173
Dodge: Dodged            |   108 |   140 |   156 ||   404
Block: Other             |    27 |    53 |    46 ||   126
       Reflection        |       |     1 |       ||     1
